AoeStats
← WavingCar9244

Pilgrims

508597522Analyzed
2v2 RM · 11d ago on Sep 23, 2026· 67m 54s· 4 players
Game mode
Random Map
Map size
Medium (4 player)
Population
200
Speed
Normal
Resources
Standard
Victory
Conquest
Starting age
Dark Age
Ending age
Imperial Age
RankedLock teamsTeams togetherTeam positionsShared explorationLock speedFull tech treeHidden civsTurbo modeCheats
Victory
Defeat
🇦🇷 Franks · Argentina
851
+16
🇦🇷 Byzantines · Argentina
812
+18
🇵🇱 Burgundians · Poland
867
-18
🇳🇿 Franks · New Zealand
829
-16
Foxtrot
5:18 Loom
6:06 Loom
13:48 Feudal Age
15:50 Double-Bit Axe
15:58 Stone Mining
19:56 Fletching
23:26 Forging
23:17 Padded Archer Armor
30:04 Town Watch
30:21 Gold Mining
30:38 Scale Mail Armor
30:44 Scale Barding Armor
34:30 Castle Age
38:34 Imperial Age
36:27 Fishing Lines
36:59 Medium Warships
37:43 Bow Saw
38:52 Cavalier
39:32 Husbandry
40:29 Gold Shaft Mining
40:56 Iron Casting
43:31 Town Watch
43:50 Town Watch
45:32 Capped Ram
48:51 Heavy Warships
47:47 Demolition Ship
51:39 Bodkin Arrow
53:03 Wheelbarrow
52:28 Town Patrol
57:40 Paladin
60:52 Chemistry
60:13 Ballistics
60:56 Blast Furnace
60:12 Leather Archer Armor
60:52 Chain Mail Armor
60:58 Chain Barding Armor
62:59 Conscription
67:06 Plate Barding Armor
Boniato en el ano
12:01 Feudal Age
10:18 Loom
13:25 Wheelbarrow
14:28 Man-at-Arms
15:17 Double-Bit Axe
15:46 Arson
17:23 Fishing Lines
25:31 Horse Collar
26:11 Forging
26:01 Scale Mail Armor
26:43 Scale Mail Armor
26:48 Scale Barding Armor
28:30 Fletching
28:40 Padded Archer Armor
32:55 Castle Age
34:11 Hand Cart
34:48 Bow Saw
36:05 Heavy Plow
36:10 Gillnets
35:55 Long Swordsman
35:56 Pikeman
39:10 Imperial Age
36:31 Gambesons
36:46 Squires
37:52 Iron Casting
37:32 Chain Mail Armor
37:38 Chain Barding Armor
37:35 Chain Mail Armor
38:33 Chain Barding Armor
38:09 Bodkin Arrow
38:29 Leather Archer Armor
38:42 Light Cavalry
39:23 Husbandry
42:05 Plate Mail Armor
42:10 Plate Barding Armor
41:36 Bracer
41:20 Two-Handed Swordsman
43:09 Elite Cataphract
45:34 Greek Fire
46:10 Hoardings
46:35 Ring Archer Armor
47:45 Caravan
47:59 Champion
54:36 Halberdier
56:41 Two-Man Saw
56:13 Crop Rotation
57:41 Heavy Camel Rider
57:42 Cavalier
57:51 Hussar
62:22 Conscription
64:32 Logistica
WavingCar9244
0:59 Double-Bit Axe
9:28 Loom
11:55 Gold Mining
14:09 Feudal Age
13:01 Stone Mining
13:13 Fishing Lines
23:05 Gillnets
26:00 Bow Saw
29:48 Man-at-Arms
30:16 Arson
30:36 Horse Collar
35:05 Heavy Plow
38:05 Castle Age
36:59 Scale Barding Armor
39:14 Wheelbarrow
38:24 Town Watch
38:47 Husbandry
42:19 Scale Mail Armor
44:39 Squires
46:33 Stone Shaft Mining
47:47 Medium Warships
60:02 Chain Barding Armor
r.smith.jnr
10:24 Loom
15:47 Feudal Age
17:22 Wheelbarrow
19:45 Gold Mining
19:54 Double-Bit Axe
22:24 Forging
22:15 Scale Mail Armor
22:16 Padded Archer Armor
22:07 Fletching
22:23 Scale Barding Armor
22:55 Arson
23:07 Man-at-Arms
23:58 Stone Mining
25:02 Fishing Lines
28:54 Town Watch
31:22 Castle Age
31:28 Pikeman
32:09 Squires
32:16 Gillnets
33:07 Hand Cart
34:15 Bow Saw
33:55 Demolition Ship
34:47 Medium Warships
36:04 Town Watch
36:06 Long Swordsman
37:31 Coinage
37:46 Fortified Wall
40:30 Caravan
40:49 Leather Archer Armor
41:10 Gambesons
42:30 Town Patrol
43:03 Husbandry
44:52 Ballistics
44:29 Murder Holes
44:45 Siphons
44:55 Masonry
45:49 Iron Casting
45:31 Chain Mail Armor
45:13 Bodkin Arrow
45:45 Chain Barding Armor
46:23 Ordonnance Companies
47:44 Guard Tower
53:45 Imperial Age
55:18 Hoardings
54:46 Two-Handed Swordsman
54:59 Cavalier
Connection lost

Rejoining the realm…

Still unreachable

The connection could not be restored.

Session expired

The server has moved on; the page needs a fresh start.